 Dungeon Crawl Stone Soup version 0.28-a0-657-g71136c5590 (webtiles) character file.

Game seed: 3914321022209937413

529 bande the Covered (level 7, -2/44 HPs)
             Began as a Gargoyle Fighter on Oct 13, 2021.
             Killed by divine providence
             ... invoked by an orc priest
              (12 damage)
             ... on level 5 of the Dungeon.
             The game lasted 00:05:32 (2727 turns).

bande the Covered (Gargoyle Fighter)                Turns: 2727, Time: 00:05:33

Health: -2/44      AC: 21    Str: 21    XL:     7   Next: 24%
Magic:  7/7        EV:  4    Int:  9    God:
Gold:   81         SH:  8    Dex: 11    Spells: 6/6 levels left

rFire   . . .      SeeInvis .   a - +0 war axe
rCold   + . .      Faith    .   b - +0 kite shield
rNeg    + . .      Spirit   .   m - +1 plate armour {rC+}
rPois   ∞          Reflect  .   (helmet restricted)
rElec   +          Harm     .   g - +0 cloak
rCorr   .          Rampage  .   (no gloves)
Will    .....                   k - +1 pair of boots
Stlth   ..........              (no amulet)
HPRegen 0.14/turn               (no ring)
MPRegen 0.10/turn               (no ring)

@: mighty
A: sickness immunity, AC +4, negative energy resistance 1, electricity
resistance, torment resistance 1, petrification resistance, horns 1, strong 1
a: no special abilities


You were on level 5 of the Dungeon.
You visited 1 branch of the dungeon, and saw 5 of its levels.

You collected 81 gold pieces.

Inventory:

Hand Weapons
 a - a +0 war axe (weapon)
Armour
 b - a +0 kite shield (worn)
 g - a +0 cloak (worn)
 k - a +1 pair of boots (worn)
 m - a +1 plate armour of cold resistance (worn)
Jewellery
 l - an amulet of magic regeneration
Wands
 i - a wand of iceblast (8)
Scrolls
 c - a scroll of summoning {unknown}
 e - 2 scrolls of amnesia
 f - a scroll of blinking
 h - 3 scrolls of identify
Potions
 j - a potion of haste


   Skills:
 + Level 4.4 Fighting
 + Level 5.0 Axes
 + Level 5.1 Armour
 + Level 4.4 Shields


You had 6 spell levels left.
You didn't know any spells.
Your spell library contained the following spells:

 Spells                   Type           Power      Damage    Failure   Level
 Foxfire                  Conj/Fire      0%         2x1d4     100%        1
 Conjure Flame            Conj/Fire      0%         6-21      100%        3
 Gell's Gravitas          Tloc           0%         N/A       100%        3
 Inner Flame              Hex/Fire       0%         N/A       100%        3
 Teleport Other           Tloc           0%         N/A       100%        3
 Flame Wave               Conj/Fire      0%         3d3       100%        4
 Dispersal                Tloc           0%         N/A       100%        6


Dungeon Overview and Level Annotations

Branches:
Dungeon (5/15)
 Temple: D:4-7

Altars:
Dithmenos
Makhleb
Zin

Annotations:
D:3 1 runed translucent door, axecop's ghost, amateur SpAK


Innate Abilities, Weirdness & Mutations

You are immune to sickness and miasma.
Your stone body is resilient. (AC +4)
You are immune to poison.
You resist negative energy. (rN+)
You are resistant to electric shocks. (rElec)
You are resistant to unholy torment.
You are immune to petrification.
You have a pair of small horns on your head.
Your muscles are strong. (Str +2)


Message History

An orc priest comes into view. It is wielding a +0 club.
The orc hits you with a +0 short sword.
The scorpion stings you but does no damage.
You block the orc priest's attack.
The orc priest invokes the aid of Beogh against you.
Beogh smites you!
The orc priest shouts!
You closely miss the orc priest.
The orc priest is moderately wounded.
You closely miss the scorpion.
Your shield and plate armour prevent you from hitting the orc.
You block the orc's attack. The scorpion barely misses you.
The orc priest miscasts a cantrip.
The orc barely misses you.
You closely miss the orc priest. You headbutt the orc priest.
The orc priest is heavily wounded.
You hit the scorpion but do no damage.
Your plate armour prevents you from hitting the orc.
You block the scorpion's attack. You block the orc priest's attack.
The orc hits you but does no damage.
The scorpion stings you but does no damage.
You block the orc priest's attack.
You feel very mighty all of a sudden. The scorpion barely misses you.
The orc hits you but does no damage.
The orc priest hits you but does no damage.
Unknown command.
You slice the orc priest!!
You kill the orc priest!
You slash the orc!
You kill the orc!
You slash the scorpion!
You kill the scorpion!
Your Axes skill increases to level 5!
You closely miss the ogre. You block the ogre's attack.
You barely miss the ogre. You slash the orc priest!
The ogre hits you with a +0 giant club.
* * * LOW HITPOINT WARNING * * *
The orc priest mumbles some strange prayers to Beogh against you.
Beogh smites you!
You die...

.######.## .....?.
#.# .......
..#####.###.......
.....[.............
#...##....##.......
#.........##.......
...###............
##.....##..)......
#####....@O......
<....#.#o......
.........#...##
.....#.####....
......#.# ....
..(....... o.. <>..
#. .. ### ..


You could see an ogre and an orc priest.

Vanquished Creatures
  2 ice beasts
  A bullfrog (D:3)
  A scorpion (D:5)
  An orc priest (D:5)
  Natasha (twice) (D:3)
  9 adders
  A worm (D:2)
  A dart slug (D:2)
  5 orcs (D:5)
  5 bats
  6 endoplasms
  2 giant cockroaches (D:2)
  2 goblins
  4 hobgoblins
  3 quokkas (D:3)
  3 ball pythons
  A frilled lizard (D:3)
  A jackal skeleton (D:4)
  5 kobolds
  5 rats
  A spectral kobold (D:2)
61 creatures vanquished.

Notes
Turn   | Place    | Note
-------+----------+-------------------------------------------
     0 | D:1      | bande the Gargoyle Fighter began the quest for the Orb.
     0 | D:1      | Reached XP level 1. HP: 14/14 MP: 1/1
   148 | D:1      | Reached XP level 2. HP: 17/19 MP: 2/2
   763 | D:2      | Found a burning altar of Makhleb.
   797 | D:2      | Reached XP level 3. HP: 23/23 MP: 3/3
   971 | D:2      | Found a faded altar of an unknown god.
  1208 | D:2      | Reached XP level 4. HP: 24/29 MP: 4/4
  1418 | D:3      | Noticed Natasha
  1427 | D:3      | Killed Natasha
  1596 | D:3      | Found a burning altar of Makhleb.
  1606 | D:3      | Gained mutation: You have a pair of small horns on your
                  | head. [potion of mutation]
  1606 | D:3      | Gained mutation: Your muscles are strong. (Str +2) [potion
                  | of mutation]
  1675 | D:3      | Found a glowing silver altar of Zin.
  1675 | D:3      | Noticed an Executioner
  1675 | D:3      | Noticed an angel
  1826 | D:3      | Found a shadowy altar of Dithmenos.
  1831 | D:3      | Reached XP level 5. HP: 33/33 MP: 5/5
  1963 | D:3      | Noticed Natasha
  1968 | D:3      | Killed Natasha
  2006 | D:3      | Noticed an ice beast
  2019 | D:3      | Killed an ice beast
  2020 | D:3      | Reached XP level 6. HP: 38/38 MP: 6/6
  2034 | D:3      | Found a runed translucent door.
  2037 | D:3      | Noticed axecop's ghost (amateur SpAK)
  2214 | D:3      | Found a runed translucent door.
  2664 | D:4      | You fall into a shaft and drop 1 floor!
  2664 | D:5      | Entered Level 5 of the Dungeon
  2693 | D:5      | Noticed an ice beast
  2702 | D:5      | Killed an ice beast
  2703 | D:5      | Reached skill level 5 in Armour
  2720 | D:5      | Reached XP level 7. HP: 35/44 MP: 7/7
  2726 | D:5      | Reached skill level 5 in Axes
  2727 | D:5      | Killed from afar by an orc priest

Illustrated notes

Levels and vault maps discovered:
D:1:      erik_arrival_cave_to_civilisation [erik_arrival_cave_to_hall],
          layout_rooms, serial_forest, infiniplex_forest_lined_room_2,
          infiniplex_forest_clump_curved, infiniplex_forest_straight_2,
          infiniplex_forest_clump_long, infiniplex_forest_fountain
D:2:      layout_rooms, basic_altar, dreamdust_ecumenical_altar_drowned_temple,
          grunt_ministairs_3, minmay_misc_feat_four_crosses,
          kennysheep_generic_room_12
D:3:      layout_loops_cross, grunt_temple_overflow_order_and_chaos_2,
          lemuel_coloured_pillars_altar, ebering_ghost_sewer_f, uniq_natasha
D:4:      layout_cave_pools, kennysheep_little_box
D:5:      layout_rooms

Skill      XL: |  1  2  3  4  5  6  7 |
---------------+----------------------+-----
Axes           | 2 3 4 5 |  5.0
Armour         | 4 5 |  5.1
Fighting       | 4 |  4.4
Shields        | 4 |  4.4

Action                   |  1- 3 |  4- 6 |  7- 9 || total
-------------------------+-------+-------+-------++-------
Melee: War axe           |    94 |    98 |     7 ||   199
       Headbutt          |       |     4 |     2 ||     6
  Use: Scroll            |       |     6 |       ||     6
       Potion            |       |     1 |     1 ||     2
Armor: Scale mail        |    52 |     4 |       ||    56
       Plate armour      |       |    69 |     8 ||    77
Dodge: Dodged            |    57 |    30 |     3 ||    90
Block: Buckler           |    27 |    17 |       ||    44
       Kite shield       |       |     7 |     8 ||    15

Table legend: (Time is in decaauts)
 A = Elapsed time spent in this place.
 B = Non-inter-level travel time spent in this place.
 C = Inter-level travel time spent in this place.
 D = Time resting spent in this place.
 E = Time spent auto-exploring this place.
 F = Levels seen in this place.
 G = Mean time per level.
                   A        B        C        D        E       F      G
               +--------+--------+--------+--------+--------+-----+--------+
         Total |   2813 |   2798 |     15 |    271 |   1845 |   5 |  562.6 |
       Dungeon |   2813 |   2798 |     15 |    271 |   1845 |   5 |  562.6 |
               +--------+--------+--------+--------+--------+-----+--------+

Top non-repeatable levels by time:
     D:3: 978 daAuts
     D:2: 837 daAuts
     D:1: 733 daAuts
     D:4: 195 daAuts
     D:5: 68 daAuts
